 Dungeon Crawl Stone Soup version 0.23.2-1-ga50397a (webtiles) character file.

Game seed: 17972327199694680442

41770 Borgoz the Fencer (level 13, -12/99 HPs)
             Began as a Minotaur Berserker on May 26, 2019.
             Was a High Priest of Trog.
             Shot with an arrow by a deep elf archer (17 damage)
             ... on level 14 of the Dungeon.
             The game lasted 00:36:04 (15022 turns).

Borgoz the Fencer (Minotaur Berserker)             Turns: 15022, Time: 00:36:05

Health: -12/99     AC: 29    Str: 26    XL:     13   Next: 81%
Magic:  12/12      EV: 14    Int:  5    God:    Trog [*****.]
Gold:   1057       SH:  0    Dex: 12    Spells: 12/12 levels left

rFire    + + +     SeeInvis .   a - +6 scimitar
rCold    . . .     Gourm    .   (no shield)
rNeg     . . .     Faith    .   C - +0 plate armour
rPois    .         Spirit   .   u - +2 hat of Rovor {*Contam rF+++ rCorr Slay+6}
rElec    .         Reflect  .   r - +0 cloak
rCorr    +         Harm     .   M - +0 pair of gloves
MR       .....                  N - +2 pair of boots {Stlth+}
Stlth    ..........             (no amulet)
HPRegen  0.26/turn              A - +2 ring of strength
MPRegen  0.13/turn              k - +4 ring of protection

@: berserk cooldown, slowed, very slow
A: retaliatory headbutt, horns 2
a: Berserk, Trog's Hand, Brothers in Arms, Renounce Religion


You were on level 14 of the Dungeon.
You worshipped Trog.
Trog was extremely pleased with you.
You were very hungry.

You visited 3 branches of the dungeon, and saw 18 of its levels.
You also visited: Bailey.

You collected 1057 gold pieces.

Inventory:

Hand Weapons
 a - a +6 scimitar (weapon)
 b - a +5 antimagic triple sword
Missiles
 F - 38 tomahawks of returning (quivered)
Armour
 r - a +0 cloak (worn)
 u - the +2 hat of Rovor (worn) {*Contam rF+++ rCorr Slay+6}
   (You found it on level 5 of the Dungeon)

   It affects your accuracy and damage with ranged weapons and melee attacks
   (+6).
   It renders you almost immune to fire.
   It causes magical contamination when unequipped.
   It provides partial protection from all sources of acid and corrosion.
 C - a +0 plate armour (worn)
 M - a +0 pair of gloves (worn)
 N - a +2 pair of boots of stealth (worn)
 T - +0 fire dragon scales
Jewellery
 j - the ring "Kyacrob" {*Tele +Fly SInv}
   (You found it on level 1 of the Lair of Beasts)

   [ring of teleportation]

   It may teleport you next to monsters.
   It lets you see invisible.
   It lets you fly.
 k - a +4 ring of protection (right hand)
 l - a +1 ring of evasion
 z - an uncursed ring of flight
 A - a +2 ring of strength (left hand)
Wands
 e - a wand of enslavement (7)
 o - a wand of flame (40)
 B - a wand of disintegration (20)
 L - a wand of iceblast (10)
 R - a wand of paralysis (4)
Scrolls
 f - 2 scrolls of identify
 g - 5 scrolls of remove curse
 h - a scroll of silence
 i - a scroll of blinking
 m - 7 scrolls of teleportation
 t - 4 scrolls of fear
 K - a scroll of magic mapping
 S - 2 scrolls of fog
Potions
 d - a potion of berserk rage
 n - 4 potions of curing
 p - 2 potions of might
 q - a potion of ambrosia
 v - a potion of resistance
 w - a potion of invisibility
 D - 2 potions of flight
 E - 2 potions of haste
 J - a potion of agility
Comestibles
 c - 28 rations
 s - 6 chunks of flesh


   Skills:
 * Level 4.8 Fighting
 + Level 18.5 Long Blades
 + Level 13.8 Armour
 + Level 12.8 Dodging
 - Level 5.0 Stealth


You had 12 spell levels left.
You didn't know any spells.
Your spell library was empty.

Dungeon Overview and Level Annotations

Branches:
Dungeon (15/15)            Temple (1/1) D:6            Lair (2/6) D:9
    Orc (0/2) D:10
  Swamp: Lair:2-4    Shoals: Lair:2-4     Snake: Lair:2-4    Spider: Lair:2-4
 Vaults: D:13-14     Depths: D:15

Altars:
Ashenzari
Cheibriados
Dithmenos
Elyvilon
Fedhas
Gozag
Hepliaklqana
Kikubaaqudgha
Makhleb
Nemelex Xobeh
Okawaru
Qazlal
Ru
Sif Muna
Trog
Uskayaw
Vehumet
Wu Jian
Xom
Yredelemnul
Zin
The Shining One

Shops:
D:8 :   D:9 }


Innate Abilities, Weirdness & Mutations

You reflexively headbutt those who attack you in melee.
You have a pair of horns on your head.


Message History

You slice the tengu conjurer!!
You kill the tengu conjurer!
Trog accepts your kill.
Trog appreciates your killing of a magic user.
You now have 1057 gold pieces (gained 41).
You see here a tengu corpse.
A deep elf archer opens the gate.
You butcher the tengu corpse.
You feel a strong urge to attack something.
The deep elf archer shoots an arrow.
The arrow hits you!
* * * LOW HITPOINT WARNING * * *
Things that are here:
an arrow; a chunk of flesh; a tengu skeleton You are too berserk!
You are too berserk!
You feel your anger nearly subside.
You are no longer berserk.
You are exhausted.
You feel yourself slow down.
The deep elf archer shoots an arrow.
The arrow hits you!
You die...

.............
..##........≈ ####
.....#.###.≈≈≈#.. ...#
...###.##.≈≈≈≈.. ...#
...###.##.≈≈≈≈p. ...#
....##.##.≈≈≈≈# ...#
..).......≈≈≈≈# ...#
..#.##.##(.≈≈≈#####...#
..#.##.#.....e'.@.(...#
..#..#.#)....('.).#...+
..............'.).....#
######.##..≈≈≈#####...#
.......##.≈≈≈≈# ...#
..#....##.≈≈≈≈#####...#
........#.≈≈≈≈p... ...#
..#....##.≈≈≈≈... ...#
.......###.≈≈≈#..


You could see a deep elf archer.

Vanquished Creatures
  Kirke (D:15)
  A fire dragon (D:13)
  A vault guard (D:14)
  A death knight (D:14)
  5 skeletal warriors (D:15)
  3 unseen horrors
  A wizard (D:14)
  A harpy (shapeshifter) (D:14)
  A wolf spider zombie (D:12)
  Pikel (D:9)
  An orc knight (D:9)
  3 deep elf magi
  4 ugly things
  3 manticores
  5 centaur zombies
  A cyclops (D:15)
  A black mamba (Lair:1)
  7 gargoyles
  A spiny frog (Lair:2)
  5 centaur skeletons
  A kobold demonologist (D:8)
  A komodo dragon (shapeshifter) (D:13)
  3 komodo dragons (Lair:1)
  A queen bee (shapeshifter) (D:13)
  2 trolls
  5 hornets
  6 slime creatures
  2 tengu conjurers (D:14)
  A meliai zombie (D:15)
  A hippogriff (Lair:2)
  2 spriggans (shapeshifter)
  3 shadows
  A vampire (D:11)
  2 hogs (D:15)
  A wraith (D:13)
  A wyvern (D:12)
  26 yaks
  A hungry ghost (D:9)
  10 vampire mosquitoes
  A basilisk (Lair:2)
  2 soldier ants
  An acid dragon (D:13)
  4 water moccasins
  3 porcupines (Lair:2)
  A black bear (D:6)
  2 sky beasts
  8 orc warriors
  2 ice beasts
  7 ogres
  4 slaves (D:9)
  4 necrophages (D:12)
  An eye of draining (D:11)
  A hornet zombie (D:12)
  A phantom (D:5)
  5 wolves (Lair:1)
  4 centaurs
  2 crocodiles
  13 big kobolds
  2 wyvern zombies
  15 bullfrogs
  A gnoll sergeant (D:7)
  4 scorpions
  19 killer bees
  10 wights
  5 howler monkeys
  9 crimson imps
  3 jellies
  2 bullfrog zombies
  A quasit (D:13)
  9 hounds
  10 orc wizards
  2 orc priests
  A bullfrog skeleton (D:4)
  Jessica (D:3)
  3 iguanas
  9 worker ants
  A killer bee zombie (D:5)
  2 hound zombies
  2 mummies (D:12)
  12 gnolls
  14 adders
  4 shadow imps
  2 adder skeletons
  2 adder zombies
  4 worms
  3 dart slugs
  13 leopard geckos
  20 orcs
  3 bats
  2 giant cockroaches
  10 goblins
  12 hobgoblins
  5 jackals
  5 quokkas
  A ball python (D:2)
  2 frilled lizards
  A jackal skeleton (D:5)
  A jackal zombie (D:7)
  31 kobolds
  A quokka skeleton (D:9)
  6 rats
448 creatures vanquished.

Vanquished Creatures (others)
  4 humans (D:15)
  A bullfrog (D:15)
  A plant (Lair:2)
6 creatures vanquished.

Grand Total: 454 creatures vanquished

Notes
Turn   | Place    | Note
-------+----------+-------------------------------------------
     0 | D:1      | Borgoz the Minotaur Berserker began the quest for the Orb.
     0 | D:1      | Reached XP level 1. HP: 19/19 MP: 0/0
   545 | D:1      | Reached XP level 2. HP: 20/26 MP: 1/1
   545 | D:1      | Reached skill level 4 in Long Blades
  1175 | D:2      | Reached XP level 3. HP: 21/31 MP: 2/2
  1327 | D:2      | Reached skill level 1 in Stealth
  1472 | D:2      | Reached ** piety under Trog
  1953 | D:3      | Reached XP level 4. HP: 31/39 MP: 3/3
  2212 | D:3      | Found a faded altar of an unknown god.
  2412 | D:3      | Noticed Jessica
  2417 | D:3      | Killed Jessica
  2417 | D:3      | Reached skill level 5 in Long Blades
  2422 | D:3      | Identified Jessica's Compendium of Enchantment
  2488 | D:3      | Reached XP level 5. HP: 37/45 MP: 4/4
  3180 | D:4      | Reached XP level 6. HP: 51/51 MP: 5/5
  3204 | D:4      | Reached skill level 6 in Long Blades
  3381 | D:4      | Found a blossoming altar of Fedhas.
  3496 | D:4      | Reached XP level 7. HP: 53/57 MP: 6/6
  3568 | D:5      | Entered Level 5 of the Dungeon
  3595 | D:5      | Reached *** piety under Trog
  3918 | D:5      | Found a deep blue altar of Sif Muna.
  4094 | D:5      | Reached skill level 7 in Long Blades
  4356 | D:5      | Reached skill level 5 in Armour
  4753 | D:5      | Got a distressingly furry hat
  4924 | D:6      | Identified the +2 hat of Rovor {*Contam rF+++ rCorr Slay+6}
                  | (You found it on level 5 of the Dungeon)
  4988 | D:6      | Reached skill level 5 in Dodging
  4989 | D:6      | Found a staircase to the Ecumenical Temple.
  4996 | D:6      | Reached XP level 8. HP: 38/64 MP: 7/7
  5102 | D:6      | Reached skill level 8 in Long Blades
  5210 | D:7      | Found an ornate altar of the Wu Jian Council.
  5304 | Temple   | Entered the Ecumenical Temple
  5836 | D:7      | Reached skill level 9 in Long Blades
  5978 | D:7      | Reached **** piety under Trog
  6000 | D:7      | Found a shattered altar of Ashenzari.
  6228 | D:7      | Reached XP level 9. HP: 59/70 MP: 8/8
  6572 | D:7      | Reached skill level 10 in Long Blades
  6953 | D:8      | Reached skill level 5 in Stealth
  7159 | D:8      | Found Ysialuw's Book Emporium.
  7209 | D:8      | Noticed a kobold demonologist
  7212 | D:8      | Found a flagged portal.
  7214 | D:8      | Noticed an ice devil
  7220 | D:8      | Killed a kobold demonologist
  7220 | D:8      | Reached ***** piety under Trog
  7221 | D:8      | Reached skill level 11 in Long Blades
  7255 | D:8      | Reached XP level 10. HP: 72/77 MP: 9/9
  7282 | Bailey   | Entered a bailey
  7487 | Bailey   | Got a polished broad axe
  7499 | Bailey   | Identified the +6 broad axe of Defilement {chop, rPois}
                  | (You found it in a bailey)
  8553 | D:9      | Received a gift from Trog
  8614 | D:9      | Found Lymmuxt's Gadget Shoppe.
  8621 | D:9      | Reached skill level 12 in Long Blades
  8794 | D:9      | Noticed Pikel
  8811 | D:9      | Killed Pikel
  8977 | D:9      | Found a staircase to the Lair.
  9119 | D:9      | Found a blossoming altar of Fedhas.
  9142 | D:9      | Noticed an orc knight
  9149 | D:9      | Killed an orc knight
  9159 | D:9      | Got a smoking mace
  9164 | D:9      | Got a jewelled quarterstaff
  9166 | D:9      | Got a faintly glowing morningstar
  9168 | D:9      | Got a smoking short sword
  9300 | D:9      | Identified the +6 short sword of Mourning {protect, rC+
                  | rN+} (You found it on level 9 of the Dungeon)
  9301 | D:9      | Identified the +6 mace of Honour {crush, Int+3} (You found
                  | it on level 9 of the Dungeon)
  9302 | D:9      | Identified the cursed +1 quarterstaff "Siomp" {antimagic,
                  | *Drain rElec MR+} (You found it on level 9 of the Dungeon)
  9308 | D:9      | Identified the +4 morningstar "Facewkig" {crush, -Tele
                  | rPois MR++ Int+8} (You found it on level 9 of the Dungeon)
  9379 | D:10     | Entered Level 10 of the Dungeon
  9387 | D:10     | Reached skill level 13 in Long Blades
  9612 | D:10     | Killed an unseen horror
  9870 | D:10     | Reached XP level 11. HP: 73/82 MP: 10/10
  9894 | D:10     | Found a staircase to the Orcish Mines.
 10176 | D:11     | Reached skill level 10 in Armour
 10211 | D:11     | Found a shadowy altar of Dithmenos.
 10381 | D:11     | Killed an unseen horror
 10381 | D:11     | Reached skill level 14 in Long Blades
 10719 | D:12     | Received a gift from Trog
 10768 | D:12     | Killed an unseen horror
 10833 | D:12     | Reached skill level 10 in Dodging
 10896 | D:12     | Reached skill level 15 in Long Blades
 10949 | D:12     | Noticed a deep elf mage
 10962 | D:12     | Killed a deep elf mage
 10963 | D:12     | Reached XP level 12. HP: 51/90 MP: 11/11
 11343 | D:12     | Paralysed by a hornet for 3 turns
 11605 | D:12     | You fall through a shaft for 3 floors!
 11605 | D:15     | Entered Level 15 of the Dungeon
 11605 | D:15     | Noticed Kirke
 11630 | D:15     | Killed Kirke
 11630 | D:15     | Reached skill level 16 in Long Blades
 11841 | D:14     | Noticed a vault guard
 11952 | D:14     | Reached skill level 17 in Long Blades
 12026 | D:13     | Noticed a fire dragon
 12044 | D:13     | Killed a fire dragon
 12044 | D:13     | Reached XP level 13. HP: 39/95 MP: 12/12
 12358 | D:13     | Received a gift from Trog
 12474 | D:13     | Identified the +3 morningstar "Caewnuep" {vamp, +Fly rF+
                  | rN+}
 13100 | Lair:1   | Entered Level 1 of the Lair of Beasts
 13253 | Lair:1   | You fall through a shaft!
 13523 | Lair:2   | Reached skill level 18 in Long Blades
 14137 | Lair:1   | Got an ancient copper ring
 14152 | Lair:1   | Identified the ring "Kyacrob" {*Tele +Fly SInv} (You found
                  | it on level 1 of the Lair of Beasts)
 14864 | D:14     | Received a gift from Trog
 15020 | D:14     | HP: 7/148 [deep elf archer/arrow (13)]
 15022 | D:14     | Shot with an arrow by a deep elf archer

Skill      XL: |  1  2  3  4  5  6  7  8  9 10 11 12 13 |
---------------+----------------------------------------+-----
Long Blades    | 4 5 6 7 9 11 13 15 17 18 | 18.5
Stealth        | 1 2 3 4 5 |  5.0
Armour         | 3 4 5 6 8 9 11 12 13 | 13.8
Dodging        | 3 4 5 6 7 9 10 11 12 | 12.8
Fighting       | 4 |  4.8

Action                   |  1- 3 |  4- 6 |  7- 9 | 10-12 | 13-15 || total
-------------------------+-------+-------+-------+-------+-------++-------
Melee: Falchion          |    67 |    61 |   278 |   127 |       ||   533
       Headbutt          |    12 |    18 |    73 |   150 |    64 ||   317
       Scimitar          |       |       |       |   385 |   228 ||   613
Throw: Tomahawk          |       |       |       |     7 |       ||     7
Invok: Berserk           |     1 |     1 |     2 |     4 |     5 ||    13
       Trog's Hand       |       |       |       |     6 |     3 ||     9
 Abil: Evoke Flight      |       |       |       |     1 |       ||     1
Evoke: Wand              |       |       |       |    13 |     7 ||    20
  Use: Potion            |     1 |       |     1 |     1 |     1 ||     4
       Scroll            |       |     4 |     8 |    14 |     4 ||    30
 Stab: Sleeping          |     1 |     4 |     7 |       |       ||    12
       Paralysed         |       |       |       |       |     3 ||     3
  Eat: Chunk             |     4 |     6 |    12 |    26 |    13 ||    61
Armor: Animal skin       |     6 |    10 |    45 |       |       ||    61
       Plate armour      |       |       |    67 |   325 |   107 ||   499
Dodge: Dodged            |    46 |    42 |   158 |   266 |   122 ||   634
       Rpst.: Falchion   |     6 |    15 |    50 |    13 |       ||    84
       Scimitar          |       |       |       |    46 |    33 ||    79
